Map: Dusk Towers

Players

Hierophant

  • Race: Protoss Protoss
  • League: Silver

LilDicky - Winner!

  • Race: Terran Terran
  • League: Diamond

VOD

http://www.twitch.tv/tumescentpie

Description

Time

  • Played on: Dec. 23, 2015, 9:22 p.m.
  • Length: 14:34
Show
View Real Time Build Order
Export as new Build Order

Hierophant Protoss 

Build Orders:  

Get SALT Encoding   

  12  0:01  Probe (Chrono Boost)  
  13  0:11  Probe (Chrono Boost)  
  14  0:19  Pylon  
  14  0:22  Probe (Chrono Boost)  
  15  0:37  Probe (Chrono Boost)  
  16  0:48  Probe (Chrono Boost)  
  17  1:07  Nexus  
  17  1:08  Probe (Chrono Boost)  
  18  1:18  Probe (Chrono Boost)  
  19  1:35  Gateway  
  19  1:39  Pylon  
  19  1:42  Probe (Chrono Boost)  
  19  1:45  Assimilator  
  20  1:51  Assimilator  
  20  1:53  Probe (Chrono Boost)  
  21  2:18  Probe (Chrono Boost)  
  21  2:21  Probe (Chrono Boost)  
  23  2:29  Probe (Chrono Boost)  
  24  2:31  Probe (Chrono Boost)  
  24  2:34  Cybernetics Core  
  24  2:35  Zealot  
  27  2:45  Gateway  
  27  2:46  Gateway  
  27  2:49  Gateway  
  27  2:51  Probe (Chrono Boost)  
  27  2:52  Probe (Chrono Boost)  
  29  3:00  Assimilator  
  29  3:03  Pylon  
  29  3:10  Warp Gate (Chrono Boost)  
  29  3:13  Stalker  
  29  3:16  Mothership Core (Chrono Boost)  
  29  3:18  Probe (Chrono Boost)  
  34  3:28  Probe (Chrono Boost)  
  34  3:33  Twilight Council  
  35  3:34  Probe (Chrono Boost)  
  35  3:37  Probe  
  37  3:42  Stalker  
  37  3:44  Stalker  
  41  3:51  Assimilator  
  41  3:52  Probe  
  41  3:53  Probe  
  43  4:02  Probe  
  43  4:05  Stalker, Probe  
  47  4:15  Blink  
  47  4:28  Pylon  
  31  4:58  Probe  
  31  4:59  Probe  
  33  5:08  Probe  
  33  5:11  Probe  
  33  5:13  Robotics Facility  
  35  5:18  Pylon  
  34  5:23  Probe  
  34  5:26  Pylon  
  34  5:27  Probe  
  36  5:35  Probe  
  36  5:38  Probe  
  38  5:48  Probe x2  
  38  6:00  Probe  
  38  6:02  Forge  
  38  6:03  Observer  
  40  6:06  Stalker  
  40  6:07  Stalker x2  
  44  6:22  Stalker  
  46  6:39  Immortal (Chrono Boost)  
  50  6:43  Protoss Ground Weapons Level 1 (Chrono Boost)  
  50  6:46  Probe  
  50  6:47  Probe  
  51  6:53  Sentry  
  54  7:01  Probe  
  54  7:02  Probe  
  56  7:12  Probe, Warp Prism  
  56  7:15  Probe  
  60  7:23  Sentry  
  60  7:24  Sentry x3  
  68  7:32  Probe  
  69  7:46  Photon Cannon  
  69  7:51  Probe, Photon Cannon  
  69  7:52  Probe  
  69  7:56  Observer  
  72  8:01  Probe  
  72  8:04  Probe  
  74  8:10  Pylon  
  74  8:12  Nexus  
  74  8:17  Sentry x2, Pylon  
  78  8:29  Stalker x2  
  82  8:45  Robotics Bay  
  82  8:46  Probe  
  83  8:57  Zealot  
  83  8:58  Probe, Zealot  
  83  9:02  Stalker x2  
  92  9:15  Robotics Facility  
  92  9:17  Pylon  
  92  9:19  Assimilator  
  92  9:25  Photon Cannon  
  92  9:32  Gateway  
  92  9:35  Pylon  
  92  9:41  Probe  
  92  9:43  Probe x2  
  92  9:44  Stalker  
  97  10:01  Assimilator  
  100  10:10  Disruptor (Chrono Boost)  
  100  10:11  Colossus (Chrono Boost)  
  100  10:13  Stalker x2  
  110  10:14  Sentry  
  110  10:15  Sentry  
  114  10:30  Gateway x2  
  114  10:38  Probe x2  
  114  10:39  Probe  
  117  10:50  Probe  
  117  10:51  Probe  
  117  10:55  Disruptor (Chrono Boost)  
  122  10:58  Pylon  
  122  11:03  Pylon  
  122  11:17  Colossus (Chrono Boost)  
  108  11:37  Stalker x3  
  108  11:38  Stalker  
  83  11:41  Stalker  
  71  12:01  Stalker  
  71  12:02  Stalker x3  
  71  12:07  Stalker  
  71  12:08  Stalker  
  81  12:28  Stalker x2  
  81  12:29  Stalker x2  
  87  12:30  Stalker  
  87  12:32  Stalker x2  
  87  12:36  Disruptor (Chrono Boost)  
  50  12:58  Stalker  
  50  12:59  Stalker x3  
  50  13:00  Stalker x2  
  56  13:22  Stalker  
  56  13:23  Stalker x2  
  56  13:24  Stalker x2  
  53  13:58  Stalker  
  53  13:59  Stalker x2  
  44  14:14  Stalker x2  
Show
View Real Time Build Order
Export as new Build Order

LilDicky Terran - Winner!

Build Orders: MMM Bio 

Get SALT Encoding   

  12  0:02  SCV  
  13  0:15  SCV  
  14  0:22  Supply Depot  
  14  0:27  SCV  
  15  0:33  Refinery  
  15  0:44  SCV  
  15  0:46  Barracks  
  16  0:56  SCV  
  17  1:08  SCV  
  18  1:20  SCV  
  19  1:33  Marine  
  19  1:35  Supply Depot  
  19  1:37  Orbital Command  
  20  1:48  Factory, Refinery  
  20  1:51  Marine  
  21  2:04  SCV  
  22  2:09  Marine  
  22  2:20  SCV  
  23  2:27  Marine  
  24  2:32  Widow Mine  
  24  2:34  SCV, Starport  
  27  2:48  Command Center  
  27  2:49  SCV  
  28  2:55  Marine  
  29  3:01  SCV  
  30  3:07  Supply Depot  
  30  3:12  Widow Mine  
  30  3:13  Medivac  
  30  3:16  Marine  
  35  3:34  SCV, Barracks, Marine  
  37  3:51  Medivac  
  37  3:52  Supply Depot  
  39  4:02  Orbital Command  
  39  4:05  SCV  
  40  4:18  Supply Depot  
  40  4:21  Barracks Tech Lab  
  40  4:23  Barracks Tech Lab  
  40  4:26  Starport Reactor  
  40  4:27  Factory Reactor  
  36  4:54  Combat Shields, Stimpack  
  36  4:55  Marine x2  
  36  4:56  Liberator  
  36  4:59  SCV x2, Liberator  
  38  5:11  SCV x2  
  38  5:13  Marine  
  44  5:20  Widow Mine  
  49  5:25  Refinery x2, Widow Mine  
  49  5:28  SCV  
  52  5:35  Marine x2  
  54  5:36  SCV  
  54  5:41  SCV  
  54  5:42  Fusion Core  
  56  5:48  SCV  
  57  5:52  Marine  
  57  5:53  SCV, Marine  
  60  6:00  SCV  
  61  6:05  SCV  
  61  6:10  Marine  
  63  6:12  SCV  
  63  6:14  Liberator x2  
  63  6:17  SCV  
  63  6:18  Marine  
  65  6:24  SCV  
  67  6:25  Engineering Bay  
  67  6:28  Marine  
  67  6:29  SCV  
  67  6:30  Supply Depot  
  75  6:35  Widow Mine  
  75  6:36  SCV, Marine  
  77  6:41  SCV  
  78  6:48  Command Center  
  78  6:51  Marine  
  78  6:52  Supply Depot  
  79  6:56  Marine  
  80  7:06  Supply Depot  
  80  7:07  Terran Infantry Weapons Level 1  
  80  7:09  Marine  
  80  7:15  Engineering Bay  
  82  7:16  SCV x2  
  83  7:27  Marine x2  
  86  7:30  Armory  
  85  7:41  SCV x2  
  87  7:45  Liberator  
  87  7:47  Terran Infantry Armor Level 1  
  87  7:51  Armory  
  87  7:58  Advanced Ballistics  
  87  8:02  Widow Mine  
  87  8:03  Marine x4  
  87  8:05  Orbital Command  
  96  8:08  SCV x2  
  98  8:17  Supply Depot, Barracks x2  
  98  8:20  SCV x2, Marine  
  98  8:22  Supply Depot  
  98  8:25  Supply Depot, Marine  
  98  8:27  Liberator, Marine x2  
  102  8:32  SCV  
  102  8:33  SCV  
  106  8:34  Drilling Claws  
  106  8:38  Marine  
  107  8:41  Supply Depot  
  107  8:43  Marine  
  107  8:44  Terran Vehicle And Ship Armor Level 1  
  107  8:46  Terran Ship Weapons Level 1  
  111  8:55  Missile Turret  
  111  8:57  Missile Turret  
  111  8:58  Marine  
  111  8:59  Marine x2  
  111  9:01  Missile Turret  
  111  9:02  Widow Mine  
  114  9:07  Barracks Reactor x2  
  116  9:13  SCV x2  
  116  9:15  Supply Depot  
  118  9:17  Terran Infantry Weapons Level 2  
  118  9:19  SCV  
  119  9:30  Missile Turret  
  119  9:39  Marine x2  
  121  9:51  Liberator x2  
  121  9:53  Missile Turret  
  121  9:55  Supply Depot, Missile Turret  
  121  9:56  Supply Depot x2  
  121  9:59  Missile Turret  
  121  10:07  Command Center  
  121  10:08  Refinery x2  
  121  10:11  Siege Tank  
  121  10:12  Marine x2  
  121  10:13  Marine x2  
  121  10:14  Marine x2  
  137  10:19  Barracks, Terran Infantry Armor Level 2  
  137  10:20  SCV  
  137  10:21  Barracks  
  137  10:30  SCV x2  
  137  10:34  Marine x3  
  137  10:35  Marauder  
  144  10:36  Missile Turret  
  144  10:46  Liberator  
  144  10:54  Marine  
  144  10:55  Marine x4  
  144  10:57  Marauder  
  151  11:00  Marine  
  151  11:04  Widow Mine  
  155  11:10  Barracks Tech Lab x2  
  157  11:11  Command Center  
  157  11:12  Marine  
  157  11:13  Marine  
  157  11:18  Marauder  
  161  11:22  Missile Turret  
  161  11:26  Refinery  
  161  11:32  Refinery, Widow Mine  
  146  11:39  Marauder  
  124  12:00  Marine  
  124  12:01  Marauder  
  125  12:13  Marine x2  
  125  12:14  Marine  
  128  12:18  Marine  
  127  12:23  Marine  
  127  12:24  Marine x2  
  127  12:27  Medivac x2  
  127  12:28  Marine  
  131  12:59  Marine x2  
  131  13:00  Marine x7  
  140  13:06  Barracks  
  140  13:07  Barracks  
  140  13:08  Barracks  
  140  13:11  Barracks  
  140  13:12  Barracks x2  
  140  13:13  Barracks  
  140  13:17  Marine x5  
  140  13:18  Marauder x3, Marine  
  152  13:22  Planetary Fortress, Orbital Command  
  152  13:25  Missile Turret  
  152  13:32  Liberator  
  152  13:33  Liberator  
  151  13:35  Marine x5  
  151  13:39  Marauder x2  
  164  14:06  Starport  
  164  14:08  SCV x3  
  164  14:09  Starport  
  167  14:11  Barracks Reactor, Barracks Tech Lab x4  
  167  14:12  Barracks Reactor  
  167  14:14  Marine x2  
  167  14:15  Marine x2  
  167  14:16  Marine  
  174  14:17  Starport  
  174  14:18  Starport  
  178  14:25  Command Center  
Tags
 
Add a new tag
Caveats
  • Supply blocks, unpowered buildings, or Contaminate may cause inaccurate times.
  • Supply counts are checked every 10 seconds.